 Dungeon Crawl Stone Soup version 0.28-b1-25-g9875b3f (webtiles) character file.

Game seed: 581717345077635837

564 Host24 the Quickloader (level 7, -3/41 HPs)
             Began as a Kobold Hunter on Feb 2, 2022.
             Slain by a wyvern skeleton (12 damage)
             ... on level 6 of the Dungeon.
             The game lasted 00:14:33 (5815 turns).

Host24 the Quickloader (Kobold Hunter)              Turns: 5815, Time: 00:14:33

Health: -3/41      AC:  4    Str: 11    XL:     7   Next: 58%
Magic:  7/7        EV: 15    Int: 13    God:
Gold:   199        SH:  0    Dex: 21    Spells: 6/6 levels left

rFire   . . .      SeeInvis .   A - +0 rapier
rCold   . . .      Faith    +   (no shield)
rNeg    . . .      Spirit   .   c - +0 leather armour
rPois   .          Reflect  .   t - +0 helmet
rElec   .          Harm     .   (no cloak)
rCorr   .          Rampage  .   (no gloves)
Will    +....                   (no boots)
Stlth   +++.......              m - amulet of faith
HPRegen 0.13/turn               s - ring of willpower
MPRegen 0.10/turn               y - +6 ring of dexterity

@: no status effects
A: small, no large weapons, nightstalker 3
a: no special abilities


You were on level 6 of the Dungeon.
You visited 1 branch of the dungeon, and saw 6 of its levels.

You collected 227 gold pieces.
You spent 28 gold pieces at shops.

Inventory:

Hand Weapons
 a - a +1 hand crossbow
 A - a +0 rapier (weapon)
Missiles
 d - 14 bolts
 e - 110 stones (quivered)
 g - 69 arrows
 v - 36 sling bullets
Armour
 c - a +0 leather armour (worn)
 t - a +0 helmet (worn)
Jewellery
 m - an amulet of faith (around neck)
 s - a ring of willpower (left hand)
 y - a +6 ring of dexterity (right hand)
Scrolls
 f - a scroll of enchant weapon
 h - 2 scrolls of teleportation {unknown}
 i - a scroll of brand weapon
 k - a scroll of blinking
 n - 2 scrolls of immolation {unknown}
 o - 2 scrolls of enchant armour {unknown}
 p - a scroll of fog {unknown}
 x - a scroll of magic mapping
 z - a scroll of summoning
Potions
 b - a potion of haste {unknown}
 j - a potion of attraction {unknown}
 l - 3 potions of might {unknown}
 q - a potion of cancellation {unknown}
 r - a potion of curing {unknown}
 u - a potion of heal wounds {unknown}
 w - a potion of magic {unknown}


   Skills:
 - Level 3.0 Fighting
 + Level 9.9 Crossbows
 - Level 3.0 Dodging
 - Level 1.3 Stealth


You had 6 spell levels left.
You didn't know any spells.
Your spell library contained the following spells:

 Spells                   Type           Power      Damage    Failure   Level
 Frozen Ramparts          Ice            0%         1d2       77%         3
 Tukima's Dance           Hex            0%         N/A       77%         3
 Cause Fear               Hex            0%         N/A       99%         4
 Ice Form                 Ice/Tmut       0%         N/A       99%         4
 Passage of Golubria      Tloc           0%         N/A       99%         4
 Summon Ice Beast         Ice/Summ       0%         N/A       99%         4
 Yara's Violent Unravell  Hex/Tmut       0%         3d3       100%        5
 Dragon Form              Tmut           0%         N/A       100%        7
 Dragon's Call            Summ           0%         N/A       100%        9


Dungeon Overview and Level Annotations

Branches:
Dungeon (6/15)
 Temple: D:4-7

Altars:

Shops:
D:2 *(:

Annotations:
D:3 1 runed translucent door, Crazy Yiuf


Innate Abilities, Weirdness & Mutations

You are small and have problems with some larger weapons.
You are completely attuned to the shadows.


Message History

Found a robe.
B - a scroll of identify
Found a chain mail.
As you read the scroll of identify, it crumbles to dust.
x - a scroll of magic mapping You see here a +0 shortbow.
There is an open door here.
There is an open door here.
Done exploring.
There is a stone staircase leading down here.
You climb downwards.
There is a stone staircase leading up here.
A - a +0 rapier (weapon)
You hit the wyvern skeleton.
The wyvern skeleton is lightly damaged.
The wyvern skeleton bites you. The wyvern skeleton barely misses you.
You hit the wyvern skeleton but do no damage.
The wyvern skeleton is lightly damaged.
The wyvern skeleton closely misses you.
You puncture the wyvern skeleton!
The wyvern skeleton is moderately damaged.
The wyvern skeleton closely misses you. x2
You hit the wyvern skeleton but do no damage.
The wyvern skeleton is moderately damaged.
The wyvern skeleton bites you. x2
You hit the wyvern skeleton.
The wyvern skeleton is heavily damaged.
The wyvern skeleton misses you.
You hit the wyvern skeleton.
The wyvern skeleton is heavily damaged.
The wyvern skeleton bites you. The wyvern skeleton misses you.
You hit the wyvern skeleton.
The wyvern skeleton is severely damaged.
The wyvern skeleton barely misses you.
You barely miss the wyvern skeleton.
The wyvern skeleton is severely damaged.
The wyvern skeleton bites you!
* * * LOW HITPOINT WARNING * * *
The wyvern skeleton bites you!
You die...

##
..##
...
#Z##
#.@#
##.#
...
##.##
#.#


You could see a wyvern skeleton.

Vanquished Creatures
  A centaur (D:5)
  2 scorpions (D:4)
  A wyvern skeleton (D:3)
  2 jellies (D:5)
  A hound (D:4)
  2 iguanas
  Natasha (D:3)
  Robin (D:3)
  5 adders
  3 worms
  4 dart slugs
  9 ball pythons
  9 bats
  10 endoplasms
  A giant cockroach (D:1)
  15 hobgoblins
  A quokka (D:2)
  4 frilled lizards
  11 goblins
  6 kobolds
  5 rats
94 creatures vanquished.

Notes
Turn   | Place    | Note
-------+----------+-------------------------------------------
     0 | D:1      | Host24 the Kobold Hunter began the quest for the Orb.
     0 | D:1      | Reached XP level 1. HP: 12/12 MP: 1/1
    67 | D:1      | Reached skill level 5 in Crossbows
   429 | D:1      | Reached XP level 2. HP: 18/18 MP: 2/2
   827 | D:1      | Reached XP level 3. HP: 8/23 MP: 3/3
  1434 | D:1      | Found a faded altar of an unknown god.
  1491 | D:2      | Found Qiown's Book Shop.
  1555 | D:2      | Found Weecie's General Store.
  1560 | D:2      | Bought a scroll of identify for 28 gold pieces
  2113 | D:2      | Reached XP level 4. HP: 28/28 MP: 4/4
  2359 | D:2      | Found Riew's Antique Weapon Shoppe.
  2442 | D:2      | Reached skill level 6 in Crossbows
  2757 | D:3      | Reached skill level 7 in Crossbows
  2757 | D:3      | Reached XP level 5. HP: 24/32 MP: 5/5
  2864 | D:3      | Noticed Robin
  3012 | D:3      | Killed Robin
  3124 | D:3      | Noticed Natasha
  3128 | D:3      | Killed Natasha
  3257 | D:3      | Found a runed translucent door.
  3260 | D:3      | Noticed Crazy Yiuf
  3653 | D:4      | Reached XP level 6. HP: 27/37 MP: 6/6
  3758 | D:4      | Noticed a black bear
  3996 | D:4      | Reached skill level 8 in Crossbows
  4075 | D:4      | Reached XP level 7. HP: 29/41 MP: 7/7
  4582 | D:4      | Reached skill level 9 in Crossbows
  4705 | D:5      | Entered Level 5 of the Dungeon
  5815 | D:6      | Slain by a wyvern skeleton

Illustrated notes

Levels and vault maps discovered:
D:1:      zelgadis_glass_arrival_small, layout_loops_ring,
          shapermc_ecumenical_altar_acropolis
D:2:      layout_basic, serial_shops, nicolae_shop_hallway_plus,
          nicolae_shop_crystal, shop_fountains
D:3:      layout_loops_ring, uniq_natasha, uniq_robin, uniq_crazy_yiuf_cottage
D:4:      layout_cave_pools
D:5:      layout_basic
D:6:      layout_rooms, minmay_misc_feat_more_columns, minmay_between

Skill      XL: |  1  2  3  4  5  6  7 |
---------------+----------------------+-----
Crossbows      | 5 7 8 9 |  9.9
Fighting       | 3 |  3.0
Dodging        | 3 |  3.0
Stealth        | |  1.3

Action                   |  1- 3 |  4- 6 |  7- 9 || total
-------------------------+-------+-------+-------++-------
Melee: Short sword       |   112 |    97 |    17 ||   226
       Rapier            |       |       |    43 ||    43
       Punch             |       |       |     1 ||     1
 Fire: Hand crossbow     |     9 |    50 |     9 ||    68
  Use: Scroll            |     1 |       |     4 ||     5
 Stab: Sleeping          |    10 |    10 |     4 ||    24
       Distracted        |     1 |       |       ||     1
Armor: Leather armour    |    30 |    22 |    11 ||    63
Dodge: Dodged            |    95 |   112 |    54 ||   261
